AoeStats
← jorge_apoc25

Arabia

509806037Analyzed
1v1 RM · 4d ago on Sep 28, 2026· 31m 11s· 2 players
Game mode
Random Map
Map size
Tiny (2 player)
Population
200
Speed
Normal
Resources
Standard
Victory
Conquest
Starting age
Dark Age
Ending age
Imperial Age
RankedLock teamsTeams togetherTeam positionsShared explorationLock speedFull tech treeHidden civsTurbo modeCheats
Victory
Defeat
🇲🇽 Tupi · Mexico
1201
+16
🇲🇽 Inca · Mexico
1210
-16
[VL] VladDracvl
6:51 Loom
6:59 Loom
10:08 Feudal Age
11:10 Double-Bit Axe
17:29 Padded Archer Armor
18:25 Fletching
23:00 Castle Age
24:59 Scale Mail Armor
25:24 Forging
25:19 Squires
25:19 Crossbowman
26:48 Chain Mail Armor
27:55 Bodkin Arrow
29:48 Arson
jorge_apoc25
13:01 Feudal Age
14:12 Loom
21:28 Fletching
24:24 Horse Collar
24:33 Double-Bit Axe
24:56 Gold Mining
30:01 Castle Age
28:39 Stone Mining
28:14 Champi Runner
29:08 Forging
30:07 Elite Skirmisher
Connection lost

Rejoining the realm…

Still unreachable

The connection could not be restored.

Session expired

The server has moved on; the page needs a fresh start.